[ AOE2 MATCH · #474147358 ]
Team RMBohemians vs Ethiopians
[ REPLAY ANALYSIS · EXTRACTED FROM THE RECORDED GAME ]
Feudal
11:25
Castle
15:02
Imperial
33:26
| APM avg | 26.7 |
| APM peak | 75 |
| eAPM avg | 16.0 |
| Villagers / military | 116 / 106 |
Focus
⚔️ 22.7% · 🌾 77.3%
Hussite Wagon ×98 · Bombard Cannon ×8
Feudal
12:58
Castle
17:25
Imperial
38:58
| APM avg | 21.9 |
| APM peak | 67 |
| eAPM avg | 9.5 |
| Villagers / military | 82 / 45 |
Focus
⚔️ 22.8% · 🌾 77.2%
Longbowman ×33 · Trade Cart ×9 · Spearman ×3 · Mangonel ×3 · Scorpion ×3 · Trebuchet (Packed) ×2
Feudal
10:59
Castle
16:39
Imperial
33:45
| APM avg | 34.1 |
| APM peak | 63 |
| eAPM avg | 21.3 |
| Villagers / military | 67 / 137 |
Focus
⚔️ 29.1% · 🌾 70.9%
Spearman ×75 · Skirmisher ×48 · Archer ×9 · Trebuchet (Packed) ×3 · Battering Ram ×1 · Mangonel ×1
Feudal
16:06
Castle
20:51
Imperial
28:52
| APM avg | 27.4 |
| APM peak | 107 |
| eAPM avg | 10.2 |
| Villagers / military | 47 / 48 |
Focus
⚔️ 30.4% · 🌾 69.6%
Organ Gun ×37 · Bombard Cannon ×7 · Monk ×4
Feudal
14:33
Castle
29:17
Imperial
—
| APM avg | 22.5 |
| APM peak | 62 |
| eAPM avg | 10.7 |
| Villagers / military | 49 / 75 |
Focus
⚔️ 36.2% · 🌾 63.8%
Spearman ×46 · Huskarl ×28 · Militia ×1
Feudal
9:45
Castle
17:30
Imperial
31:52
| APM avg | 19.0 |
| APM peak | 85 |
| eAPM avg | 8.6 |
| Villagers / military | 93 / 0 |
Focus
⚔️ 15.1% · 🌾 84.9%
Trade Cart ×3
Feudal
10:25
Castle
18:00
Imperial
36:27
| APM avg | 19.4 |
| APM peak | 66 |
| eAPM avg | 10.3 |
| Villagers / military | 109 / 66 |
Focus
⚔️ 28.1% · 🌾 71.9%
Knight ×53 · Mangonel ×7 · Trebuchet (Packed) ×5 · Monk ×1
Feudal
10:43
Castle
20:36
Imperial
—
| APM avg | 16.0 |
| APM peak | 46 |
| eAPM avg | 10.8 |
| Villagers / military | 82 / 90 |
Focus
⚔️ 37.0% · 🌾 63.0%
Scout Cavalry ×45 · Scorpion ×13 · Cataphract ×13 · Knight ×9 · Mangonel ×8 · Camel Scout ×2
Match map
Resources at game start + every placement click. Thick line = wall · dashed box = detected house wall. 🟡 gold · ⚪ stone · 🟢 berries · 🔶 boar · ⭕ relic
Inputs per minute
— Grichnakk - - Brzuss57
Build order — Grichnakk
First 150 of 366 actions detected
| 0:02 | Build | House |
| 0:04 | Build | House |
| 0:06 | Create | Villager (Male) |
| 0:06 | Create | Villager (Male) |
| 0:06 | Create | Villager (Male) |
| 0:36 | Create | Villager (Male) |
| 1:30 | Create | Villager (Male) |
| 2:01 | Build | Lumber Camp |
| 2:07 | Create | Villager (Male) |
| 2:26 | Create | Villager (Male) |
| 2:49 | Create | Villager (Male) |
| 3:04 | Create | Villager (Male) |
| 3:29 | Create | Villager (Male) |
| 3:34 | Build | House |
| 3:35 | Build | House |
| 3:48 | Build | House |
| 3:55 | Create | Villager (Male) |
| 4:38 | Create | Villager (Male) |
| 5:13 | Create | Villager (Male) |
| 5:55 | Create | Villager (Male) |
| 5:56 | Create | Villager (Male) |
| 6:24 | Create | Villager (Male) |
| 6:29 | Create | Villager (Male) |
| 6:37 | Build | House |
| 6:40 | Build | House |
| 6:44 | Build | Mill |
| 7:03 | Create | Villager (Male) |
| 7:36 | Create | Villager (Male) |
| 8:18 | Create | Villager (Male) |
| 8:18 | Create | Villager (Male) |
| 8:52 | Research | Feudal Age |
| 8:52 | Research | Feudal Age |
| 9:02 | Build | Mining Camp |
| 9:53 | Build | Farm |
| 10:09 | Build | Farm |
| 10:13 | Build | Farm |
| 11:13 | Create | Villager (Male) |
| 11:25 | Age | Feudal Age |
| 11:28 | Build | Market |
| 11:33 | Build | Blacksmith |
| 12:22 | Research | Castle Age |
| 12:22 | Research | Castle Age |
| 12:45 | Research | Double-Bit Axe |
| 13:02 | Build | Mining Camp |
| 13:12 | Build | Farm |
| 13:19 | Build | Farm |
| 13:24 | Build | Farm |
| 13:29 | Create | Villager (Male) |
| 13:30 | Create | Villager (Male) |
| 13:55 | Build | Lumber Camp |
| 15:02 | Age | Castle Age |
| 15:03 | Build | Town Center |
| 15:17 | Build | Town Center |
| 15:22 | Create | Villager (Male) |
| 15:26 | Create | Villager (Male) |
| 15:34 | Build | House |
| 15:37 | Build | House |
| 15:39 | Build | House |
| 15:39 | Build | House |
| 15:41 | Build | House |
| 15:43 | Build | House |
| 16:08 | Research | Horse Collar |
| 16:09 | Research | Horse Collar |
| 16:38 | Create | Villager (Male) |
| 16:38 | Create | Villager (Male) |
| 16:47 | Build | Farm |
| 16:52 | Create | Villager (Male) |
| 17:06 | Create | Villager (Male) |
| 17:06 | Create | Villager (Male) |
| 17:15 | Create | Villager (Male) |
| 17:22 | Create | Villager (Male) |
| 17:30 | Build | Farm |
| 17:34 | Build | Farm |
| 17:40 | Create | Villager (Male) |
| 17:54 | Create | Villager (Male) |
| 18:11 | Create | Villager (Male) |
| 18:23 | Build | Farm |
| 18:25 | Build | Farm |
| 18:28 | Build | Farm |
| 18:30 | Create | Villager (Male) |
| 18:34 | Create | Villager (Male) |
| 18:40 | Create | Villager (Male) |
| 18:56 | Create | Villager (Male) |
| 19:02 | Build | Farm |
| 19:05 | Build | Farm |
| 19:10 | Create | Villager (Male) |
| 19:22 | Build | Castle |
| 19:27 | Create | Villager (Male) |
| 19:28 | Create | Villager (Male) |
| 19:40 | Build | Farm |
| 19:41 | Build | Farm |
| 19:43 | Build | Farm |
| 20:00 | Build | Farm |
| 20:11 | Build | Farm |
| 20:12 | Create | Villager (Male) |
| 20:13 | Create | Villager (Male) |
| 20:14 | Create | Villager (Male) |
| 20:19 | Create | Villager (Male) |
| 20:26 | Build | Farm |
| 20:35 | Create | Villager (Male) |
| 20:37 | Create | Villager (Male) |
| 20:48 | Create | Villager (Male) |
| 21:06 | Create | Hussite Wagon |
| 21:10 | Create | Villager (Male) |
| 21:11 | Create | Villager (Male) |
| 21:14 | Create | Villager (Male) |
| 21:31 | Research | Bow Saw |
| 21:39 | Create | Villager (Male) |
| 21:40 | Create | Villager (Male) |
| 21:41 | Create | Villager (Male) |
| 21:46 | Create | Villager (Male) |
| 21:56 | Build | Farm |
| 21:57 | Build | Farm |
| 22:11 | Build | Lumber Camp |
| 22:17 | Create | Villager (Male) |
| 22:19 | Create | Villager (Male) |
| 22:20 | Create | Villager (Male) |
| 22:22 | Create | Villager (Male) |
| 22:28 | Build | Castle |
| 22:40 | Create | Villager (Male) |
| 22:41 | Create | Villager (Male) |
| 22:42 | Create | Villager (Male) |
| 22:55 | Build | Mining Camp |
| 22:59 | Create | Hussite Wagon |
| 23:06 | Create | Villager (Male) |
| 23:07 | Create | Villager (Male) |
| 23:15 | Build | Farm |
| 23:18 | Build | Farm |
| 23:22 | Build | Farm |
| 23:24 | Create | Villager (Male) |
| 23:25 | Create | Villager (Male) |
| 23:26 | Create | Villager (Male) |
| 23:38 | Build | Farm |
| 23:40 | Create | Villager (Male) |
| 23:43 | Create | Villager (Male) |
| 23:45 | Create | Hussite Wagon |
| 23:48 | Create | Hussite Wagon |
| 24:14 | Build | Mining Camp |
| 24:21 | Create | Hussite Wagon |
| 24:22 | Create | Villager (Male) |
| 24:23 | Create | Villager (Male) |
| 24:26 | Create | Villager (Male) |
| 24:33 | Build | House |
| 24:34 | Build | House |
| 24:35 | Build | House |
| 24:36 | Build | House |
| 24:37 | Build | House |
| 24:39 | Build | House |
| 24:41 | Build | House |
| 24:42 | Build | House |
Build order — Brzuss57
First 150 of 218 actions detected
| 0:07 | Build | House |
| 0:11 | Build | House |
| 0:12 | Create | Villager (Male) |
| 0:12 | Create | Villager (Male) |
| 0:13 | Create | Villager (Male) |
| 0:13 | Create | Villager (Male) |
| 1:30 | Create | Villager (Male) |
| 1:57 | Create | Villager (Male) |
| 2:36 | Create | Villager (Male) |
| 3:19 | Create | Villager (Male) |
| 3:19 | Create | Villager (Male) |
| 3:54 | Create | Villager (Male) |
| 3:55 | Create | Villager (Male) |
| 4:20 | Build | House |
| 4:29 | Create | Villager (Male) |
| 4:43 | Create | Villager (Male) |
| 4:46 | Build | Lumber Camp |
| 5:05 | Create | Villager (Male) |
| 5:57 | Create | Villager (Male) |
| 6:30 | Build | Mill |
| 6:37 | Create | Villager (Male) |
| 7:10 | Create | Villager (Male) |
| 7:11 | Create | Villager (Male) |
| 7:15 | Build | House |
| 7:35 | Create | Villager (Male) |
| 7:39 | Build | House |
| 8:05 | Create | Villager (Male) |
| 8:16 | Create | Villager (Male) |
| 8:28 | Build | Lumber Camp |
| 8:30 | Create | Villager (Male) |
| 9:30 | Build | Mining Camp |
| 9:33 | Create | Villager (Male) |
| 10:12 | Build | Mining Camp |
| 10:15 | Research | Loom |
| 10:16 | Research | Feudal Age |
| 11:15 | Build | Farm |
| 11:16 | Build | Farm |
| 11:17 | Build | Farm |
| 11:18 | Build | Farm |
| 11:19 | Build | Farm |
| 11:24 | Build | Farm |
| 11:41 | Create | Villager (Male) |
| 11:41 | Create | Villager (Male) |
| 11:42 | Create | Villager (Male) |
| 12:58 | Age | Feudal Age |
| 13:09 | Build | Market |
| 13:14 | Build | Blacksmith |
| 13:19 | Research | Horse Collar |
| 13:24 | Research | Double-Bit Axe |
| 14:45 | Research | Castle Age |
| 15:04 | Research | Stone Mining |
| 15:09 | Research | Gold Mining |
| 17:25 | Build | Barracks |
| 17:25 | Age | Castle Age |
| 17:28 | Create | Villager (Male) |
| 17:33 | Build | House |
| 17:34 | Build | House |
| 17:35 | Build | House |
| 18:12 | Build | Castle |
| 18:13 | Create | Spearman |
| 18:15 | Build | House |
| 18:20 | Create | Villager (Male) |
| 18:25 | Research | Wheelbarrow |
| 19:08 | Create | Spearman |
| 20:14 | Create | Villager (Male) |
| 20:16 | Create | Villager (Male) |
| 20:19 | Create | Spearman |
| 20:39 | Create | Villager (Male) |
| 20:40 | Create | Villager (Male) |
| 21:00 | Build | Archery Range |
| 21:19 | Create | Villager (Male) |
| 21:33 | Create | Villager (Male) |
| 22:19 | Create | Villager (Male) |
| 22:21 | Create | Archer |
| 22:33 | Build | Siege Workshop |
| 22:34 | Create | Villager (Male) |
| 23:02 | Create | Villager (Male) |
| 23:10 | Create | Mangonel |
| 23:14 | Create | Villager (Male) |
| 23:18 | Build | Farm |
| 23:19 | Build | Farm |
| 23:20 | Build | Farm |
| 23:38 | Create | Villager (Male) |
| 23:41 | Build | Farm |
| 23:43 | Build | Farm |
| 23:44 | Create | Villager (Male) |
| 24:34 | Create | Villager (Male) |
| 24:39 | Build | Farm |
| 24:41 | Build | Farm |
| 25:36 | Create | Villager (Male) |
| 25:37 | Create | Villager (Male) |
| 25:40 | Build | Farm |
| 25:42 | Build | Farm |
| 26:14 | Build | Castle |
| 26:21 | Create | Mangonel |
| 26:33 | Create | Villager (Male) |
| 26:47 | Create | Mangonel |
| 26:49 | Build | Farm |
| 26:50 | Create | Villager (Male) |
| 27:00 | Create | Villager (Male) |
| 27:05 | Build | Farm |
| 27:15 | Create | Villager (Male) |
| 27:39 | Create | Longbowman |
| 28:05 | Create | Villager (Male) |
| 28:05 | Create | Villager (Male) |
| 28:17 | Build | Building 490 |
| 28:43 | Create | Villager (Male) |
| 28:47 | Build | Farm |
| 28:48 | Build | Farm |
| 28:48 | Build | Farm |
| 28:49 | Build | Farm |
| 28:49 | Build | Farm |
| 28:51 | Build | Farm |
| 28:53 | Create | Villager (Male) |
| 28:54 | Research | Gold Shaft Mining |
| 29:02 | Create | Longbowman |
| 29:51 | Create | Longbowman |
| 29:51 | Create | Longbowman |
| 29:52 | Create | Villager (Male) |
| 29:58 | Create | Villager (Male) |
| 30:00 | Create | Villager (Male) |
| 30:02 | Create | Trade Cart |
| 30:03 | Create | Trade Cart |
| 30:11 | Create | Trade Cart |
| 30:12 | Create | Trade Cart |
| 30:21 | Create | Villager (Male) |
| 30:22 | Create | Villager (Male) |
| 30:37 | Build | Mining Camp |
| 30:41 | Create | Longbowman |
| 30:43 | Create | Longbowman |
| 31:06 | Create | Longbowman |
| 31:06 | Create | Longbowman |
| 31:07 | Research | Forging |
| 31:08 | Create | Villager (Male) |
| 31:08 | Create | Villager (Male) |
| 31:57 | Create | Longbowman |
| 31:57 | Create | Longbowman |
| 31:58 | Create | Villager (Male) |
| 31:58 | Create | Villager (Male) |
| 32:06 | Build | University |
| 32:16 | Create | Trade Cart |
| 32:42 | Create | Longbowman |
| 32:42 | Create | Longbowman |
| 33:01 | Create | Villager (Male) |
| 33:02 | Create | Villager (Male) |
| 33:35 | Research | Fletching |
| 33:39 | Research | Ballistics |
| 33:40 | Create | Villager (Male) |
| 33:41 | Create | Villager (Male) |
| 33:45 | Research | Caravan |
Build order — Ka4Z
First 150 of 315 actions detected
| 0:02 | Build | House |
| 0:04 | Build | House |
| 0:05 | Create | Villager (Male) |
| 0:05 | Create | Villager (Male) |
| 0:05 | Create | Villager (Male) |
| 0:05 | Create | Villager (Male) |
| 1:50 | Create | Villager (Male) |
| 2:19 | Build | Lumber Camp |
| 2:30 | Create | Villager (Male) |
| 3:03 | Create | Villager (Male) |
| 3:03 | Create | Villager (Male) |
| 3:04 | Create | Villager (Male) |
| 4:28 | Create | Villager (Male) |
| 4:42 | Create | Villager (Male) |
| 4:42 | Create | Villager (Male) |
| 4:42 | Create | Villager (Male) |
| 4:43 | Create | Villager (Male) |
| 4:54 | Build | House |
| 6:17 | Create | Villager (Male) |
| 6:28 | Create | Villager (Male) |
| 7:11 | Build | Mill |
| 7:19 | Build | House |
| 7:50 | Create | Villager (Male) |
| 8:18 | Build | Mining Camp |
| 8:24 | Create | Villager (Male) |
| 8:45 | Research | Feudal Age |
| 8:53 | Build | Mining Camp |
| 10:29 | Build | House |
| 10:33 | Build | House |
| 10:43 | Create | Villager (Male) |
| 10:48 | Research | Loom |
| 10:59 | Age | Feudal Age |
| 10:59 | Research | Double-Bit Axe |
| 11:03 | Research | Horse Collar |
| 11:19 | Build | Blacksmith |
| 11:25 | Build | Market |
| 11:33 | Build | Farm |
| 11:33 | Create | Villager (Male) |
| 12:20 | Build | Farm |
| 12:21 | Create | Villager (Male) |
| 12:34 | Build | Farm |
| 12:38 | Build | Farm |
| 12:41 | Build | Farm |
| 12:47 | Create | Villager (Male) |
| 12:55 | Build | Farm |
| 12:57 | Create | Villager (Male) |
| 13:14 | Build | Farm |
| 13:39 | Build | Farm |
| 13:59 | Research | Castle Age |
| 15:25 | Build | Barracks |
| 16:34 | Build | Archery Range |
| 16:39 | Age | Castle Age |
| 16:41 | Create | Villager (Male) |
| 16:52 | Research | Bow Saw |
| 16:55 | Create | Villager (Male) |
| 17:18 | Create | Villager (Male) |
| 17:44 | Build | Archery Range |
| 18:17 | Create | Spearman |
| 18:23 | Build | Archery Range |
| 18:38 | Create | Archer |
| 18:38 | Create | Archer |
| 18:39 | Create | Archer |
| 18:39 | Create | Archer |
| 18:39 | Create | Archer |
| 18:54 | Create | Villager (Male) |
| 18:54 | Create | Villager (Male) |
| 18:54 | Create | Villager (Male) |
| 18:55 | Create | Villager (Male) |
| 18:55 | Create | Villager (Male) |
| 19:11 | Research | Crossbowman (upgrade) |
| 19:28 | Create | Archer |
| 19:28 | Create | Archer |
| 19:29 | Create | Archer |
| 19:29 | Create | Archer |
| 19:39 | Research | Fletching |
| 20:04 | Build | Barracks |
| 20:07 | Build | House |
| 20:09 | Build | House |
| 20:10 | Build | House |
| 20:11 | Build | House |
| 20:14 | Build | House |
| 20:16 | Build | House |
| 20:20 | Build | House |
| 21:34 | Build | Town Center |
| 21:36 | Create | Villager (Male) |
| 21:41 | Build | Farm |
| 22:05 | Build | Farm |
| 22:07 | Build | Farm |
| 22:14 | Build | Siege Workshop |
| 22:27 | Build | Farm |
| 22:28 | Create | Villager (Male) |
| 22:42 | Research | Padded Archer Armor |
| 23:01 | Build | Farm |
| 23:10 | Build | University |
| 23:15 | Create | Villager (Male) |
| 23:20 | Create | Villager (Male) |
| 23:24 | Create | Villager (Male) |
| 23:31 | Research | Heavy Plow |
| 23:35 | Build | Farm |
| 23:47 | Build | Farm |
| 23:48 | Create | Villager (Male) |
| 23:54 | Research | Gold Mining |
| 24:06 | Build | Mining Camp |
| 24:08 | Create | Battering Ram |
| 24:42 | Create | Mangonel |
| 25:05 | Research | Elite Skirmisher (upgrade) |
| 25:06 | Create | Skirmisher |
| 25:35 | Create | Skirmisher |
| 25:35 | Create | Skirmisher |
| 25:35 | Create | Skirmisher |
| 25:36 | Create | Skirmisher |
| 26:03 | Create | Skirmisher |
| 26:03 | Create | Skirmisher |
| 26:03 | Create | Skirmisher |
| 26:04 | Create | Skirmisher |
| 26:04 | Create | Skirmisher |
| 26:04 | Create | Skirmisher |
| 26:04 | Create | Skirmisher |
| 26:13 | Create | Skirmisher |
| 27:54 | Build | Barracks |
| 27:55 | Build | Barracks |
| 27:55 | Build | Barracks |
| 28:05 | Build | Farm |
| 28:06 | Create | Villager (Male) |
| 28:09 | Create | Villager (Male) |
| 28:09 | Create | Villager (Male) |
| 28:09 | Create | Villager (Male) |
| 28:21 | Research | Scale Mail Armor |
| 28:27 | Create | Villager (Male) |
| 28:39 | Create | Villager (Male) |
| 28:42 | Create | Villager (Male) |
| 29:22 | Build | Farm |
| 29:25 | Build | Farm |
| 29:26 | Create | Villager (Male) |
| 30:08 | Build | Barracks |
| 30:09 | Build | Barracks |
| 30:19 | Build | Farm |
| 30:20 | Build | Farm |
| 30:20 | Build | Farm |
| 30:20 | Build | Farm |
| 30:24 | Build | Farm |
| 30:35 | Research | Imperial Age |
| 30:41 | Create | Villager (Male) |
| 30:43 | Create | Villager (Male) |
| 31:21 | Create | Spearman |
| 31:21 | Create | Spearman |
| 31:21 | Create | Spearman |
| 31:22 | Create | Spearman |
| 31:22 | Create | Spearman |
| 31:22 | Create | Spearman |
Build order — Your Doom
First 150 of 239 actions detected
| 0:04 | Build | House |
| 0:06 | Build | House |
| 0:07 | Create | Villager (Male) |
| 0:07 | Create | Villager (Male) |
| 0:07 | Create | Villager (Male) |
| 0:08 | Create | Villager (Male) |
| 2:16 | Create | Villager (Male) |
| 2:16 | Create | Villager (Male) |
| 2:16 | Create | Villager (Male) |
| 3:30 | Create | Villager (Male) |
| 3:30 | Create | Villager (Male) |
| 3:31 | Create | Villager (Male) |
| 4:18 | Create | Villager (Male) |
| 4:18 | Create | Villager (Male) |
| 4:19 | Create | Villager (Male) |
| 4:52 | Build | House |
| 4:53 | Build | House |
| 4:58 | Create | Villager (Male) |
| 5:06 | Create | Villager (Male) |
| 5:06 | Create | Villager (Male) |
| 5:26 | Build | Lumber Camp |
| 5:32 | Create | Villager (Male) |
| 5:33 | Create | Villager (Male) |
| 7:37 | Create | Villager (Male) |
| 7:37 | Create | Villager (Male) |
| 7:46 | Build | House |
| 7:47 | Build | House |
| 9:46 | Build | Mill |
| 9:51 | Create | Villager (Male) |
| 9:52 | Create | Villager (Male) |
| 9:52 | Create | Villager (Male) |
| 9:52 | Create | Villager (Male) |
| 9:52 | Create | Villager (Male) |
| 9:53 | Create | Villager (Male) |
| 10:21 | Build | Mining Camp |
| 10:42 | Build | Mill |
| 11:20 | Research | Loom |
| 11:39 | Build | Mining Camp |
| 12:23 | Create | Villager (Male) |
| 12:24 | Create | Villager (Male) |
| 12:24 | Create | Villager (Male) |
| 12:34 | Research | Feudal Age |
| 13:39 | Build | Farm |
| 13:46 | Build | Farm |
| 13:50 | Build | Farm |
| 13:59 | Build | Farm |
| 14:18 | Build | House |
| 14:21 | Build | House |
| 14:22 | Build | House |
| 14:22 | Build | House |
| 14:25 | Build | House |
| 14:26 | Build | House |
| 14:27 | Build | House |
| 14:28 | Build | House |
| 14:52 | Create | Villager (Male) |
| 14:52 | Create | Villager (Male) |
| 14:53 | Create | Villager (Male) |
| 16:06 | Age | Feudal Age |
| 16:14 | Create | Villager (Male) |
| 16:26 | Build | Market |
| 16:30 | Build | Blacksmith |
| 16:35 | Research | Double-Bit Axe |
| 16:40 | Research | Horse Collar |
| 16:58 | Create | Villager (Male) |
| 17:28 | Build | Farm |
| 17:29 | Build | Farm |
| 17:30 | Build | Farm |
| 17:49 | Research | Castle Age |
| 17:56 | Research | Wheelbarrow |
| 18:22 | Research | Gold Mining |
| 18:44 | Research | Stone Mining |
| 19:15 | Create | Villager (Male) |
| 19:16 | Create | Villager (Male) |
| 19:57 | Build | Farm |
| 19:59 | Build | Farm |
| 20:01 | Build | Farm |
| 20:37 | Build | Farm |
| 20:41 | Build | Farm |
| 20:47 | Build | Farm |
| 20:50 | Build | Farm |
| 20:51 | Age | Castle Age |
| 20:53 | Build | Farm |
| 20:56 | Create | Villager (Male) |
| 21:08 | Build | Monastery |
| 21:15 | Build | Monastery |
| 21:22 | Build | University |
| 21:32 | Build | Castle |
| 21:37 | Create | Villager (Male) |
| 21:37 | Create | Villager (Male) |
| 21:40 | Create | Monk |
| 21:40 | Create | Monk |
| 21:54 | Create | Monk |
| 21:54 | Create | Monk |
| 22:25 | Research | Stone Shaft Mining |
| 22:31 | Research | Bow Saw |
| 24:02 | Create | Villager (Male) |
| 24:03 | Create | Villager (Male) |
| 24:03 | Create | Villager (Male) |
| 24:04 | Create | Villager (Male) |
| 24:36 | Build | Lumber Camp |
| 24:46 | Build | House |
| 24:49 | Build | House |
| 24:50 | Build | House |
| 24:52 | Build | House |
| 24:53 | Build | House |
| 24:54 | Build | House |
| 24:55 | Build | House |
| 24:56 | Build | House |
| 25:16 | Research | Hand Cart |
| 25:34 | Research | Imperial Age |
| 25:53 | Build | Mining Camp |
| 25:54 | Create | Organ Gun |
| 25:55 | Create | Organ Gun |
| 25:55 | Create | Organ Gun |
| 25:55 | Create | Organ Gun |
| 25:55 | Create | Organ Gun |
| 25:57 | Create | Organ Gun |
| 25:57 | Create | Organ Gun |
| 26:17 | Research | Fletching |
| 26:23 | Research | Treadmill Crane |
| 26:37 | Create | Villager (Male) |
| 26:37 | Create | Villager (Male) |
| 26:37 | Create | Villager (Male) |
| 26:38 | Create | Villager (Male) |
| 27:23 | Create | Organ Gun |
| 27:23 | Create | Organ Gun |
| 27:30 | Build | Siege Workshop |
| 28:21 | Research | Bodkin Arrow |
| 28:52 | Age | Imperial Age |
| 28:56 | Research | Two-Man Saw |
| 29:01 | Research | Chemistry |
| 29:02 | Research | Murder Holes |
| 29:17 | Build | Feitoria |
| 29:57 | Build | Siege Workshop |
| 30:06 | Create | Organ Gun |
| 30:06 | Create | Organ Gun |
| 30:07 | Create | Organ Gun |
| 30:35 | Build | Feitoria |
| 30:58 | Research | Heavy Plow |
| 31:23 | Build | Mining Camp |
| 31:40 | Create | Bombard Cannon |
| 31:40 | Create | Bombard Cannon |
| 31:50 | Build | Farm |
| 32:10 | Build | Lumber Camp |
| 32:17 | Build | Feitoria |
| 32:28 | Build | Feitoria |
| 32:37 | Build | Farm |
| 32:43 | Build | House |
| 32:44 | Build | House |
| 32:46 | Build | House |
Build order — Cicinho
First 150 of 211 actions detected
| 0:10 | Build | House |
| 0:12 | Build | House |
| 0:14 | Build | House |
| 0:15 | Build | House |
| 0:19 | Create | Villager (Male) |
| 0:19 | Create | Villager (Male) |
| 0:19 | Create | Villager (Male) |
| 0:19 | Create | Villager (Male) |
| 0:20 | Create | Villager (Male) |
| 0:20 | Research | Loom |
| 3:57 | Create | Villager (Male) |
| 3:58 | Create | Villager (Male) |
| 3:58 | Create | Villager (Male) |
| 3:58 | Create | Villager (Male) |
| 5:27 | Create | Villager (Male) |
| 5:27 | Create | Villager (Male) |
| 5:27 | Create | Villager (Male) |
| 6:07 | Create | Villager (Male) |
| 6:07 | Create | Villager (Male) |
| 6:07 | Create | Villager (Male) |
| 6:08 | Create | Villager (Male) |
| 7:41 | Create | Villager (Male) |
| 7:41 | Create | Villager (Male) |
| 7:42 | Create | Villager (Male) |
| 7:42 | Create | Villager (Male) |
| 7:42 | Create | Villager (Male) |
| 7:42 | Create | Villager (Male) |
| 8:40 | Build | Mining Camp |
| 9:35 | Build | Lumber Camp |
| 9:59 | Create | Villager (Male) |
| 9:59 | Create | Villager (Male) |
| 10:28 | Build | Mill |
| 11:00 | Build | Mining Camp |
| 11:08 | Create | Villager (Male) |
| 11:08 | Create | Villager (Male) |
| 11:09 | Create | Villager (Male) |
| 11:16 | Research | Feudal Age |
| 11:49 | Build | House |
| 11:54 | Build | House |
| 12:44 | Build | Barracks |
| 14:33 | Age | Feudal Age |
| 14:37 | Build | House |
| 14:38 | Build | House |
| 14:39 | Build | House |
| 14:41 | Build | House |
| 14:50 | Build | House |
| 14:51 | Build | House |
| 14:55 | Research | Double-Bit Axe |
| 15:00 | Create | Villager (Male) |
| 15:01 | Research | Wheelbarrow |
| 15:05 | Create | Villager (Male) |
| 15:05 | Create | Villager (Male) |
| 15:06 | Create | Villager (Male) |
| 15:06 | Create | Villager (Male) |
| 15:23 | Build | Blacksmith |
| 15:40 | Build | Market |
| 15:50 | Create | Villager (Male) |
| 17:18 | Build | Farm |
| 17:20 | Build | Farm |
| 17:20 | Build | Farm |
| 17:22 | Build | Farm |
| 17:23 | Build | Farm |
| 17:24 | Build | Farm |
| 17:25 | Build | Farm |
| 17:27 | Build | Farm |
| 18:37 | Create | Spearman |
| 18:37 | Create | Spearman |
| 18:37 | Create | Spearman |
| 18:38 | Create | Spearman |
| 18:38 | Create | Spearman |
| 18:38 | Create | Spearman |
| 21:09 | Build | Watch Tower |
| 21:40 | Build | Watch Tower |
| 22:37 | Create | Villager (Male) |
| 22:37 | Create | Villager (Male) |
| 22:37 | Create | Villager (Male) |
| 22:38 | Create | Villager (Male) |
| 22:38 | Create | Villager (Male) |
| 23:53 | Build | Farm |
| 23:55 | Build | Farm |
| 24:17 | Build | Farm |
| 24:22 | Build | Farm |
| 26:23 | Build | Mining Camp |
| 26:36 | Build | Farm |
| 26:37 | Research | Castle Age |
| 28:46 | Build | Barracks |
| 28:47 | Build | Barracks |
| 28:54 | Build | Barracks |
| 29:07 | Build | Barracks |
| 29:17 | Age | Castle Age |
| 29:56 | Build | Castle |
| 30:23 | Build | House |
| 30:25 | Build | House |
| 30:30 | Build | House |
| 30:32 | Build | House |
| 30:33 | Build | House |
| 30:35 | Build | House |
| 31:04 | Create | Villager (Male) |
| 31:04 | Create | Villager (Male) |
| 31:04 | Create | Villager (Male) |
| 31:04 | Create | Villager (Male) |
| 31:05 | Create | Villager (Male) |
| 31:09 | Research | Squires |
| 31:54 | Research | Anarchy |
| 32:03 | Research | Pikeman (upgrade) |
| 32:04 | Create | Spearman |
| 32:04 | Create | Spearman |
| 32:04 | Create | Spearman |
| 32:05 | Create | Spearman |
| 32:05 | Create | Spearman |
| 32:05 | Create | Spearman |
| 32:06 | Create | Spearman |
| 32:06 | Create | Spearman |
| 32:06 | Create | Spearman |
| 32:06 | Create | Spearman |
| 32:07 | Create | Spearman |
| 32:07 | Create | Spearman |
| 32:07 | Create | Spearman |
| 32:07 | Create | Spearman |
| 32:08 | Create | Spearman |
| 32:08 | Create | Spearman |
| 32:08 | Create | Spearman |
| 32:09 | Create | Spearman |
| 32:09 | Create | Spearman |
| 32:09 | Create | Spearman |
| 32:47 | Create | Militia |
| 32:48 | Create | Huskarl |
| 32:48 | Create | Huskarl |
| 32:49 | Create | Huskarl |
| 32:49 | Create | Huskarl |
| 33:25 | Build | Farm |
| 33:30 | Build | Farm |
| 33:56 | Build | Farm |
| 34:00 | Build | Farm |
| 34:12 | Build | Farm |
| 34:55 | Build | Farm |
| 35:43 | Create | Huskarl |
| 35:43 | Create | Huskarl |
| 35:43 | Create | Huskarl |
| 35:43 | Create | Huskarl |
| 35:44 | Create | Huskarl |
| 35:44 | Create | Huskarl |
| 35:44 | Create | Huskarl |
| 35:48 | Research | Scale Mail Armor |
| 35:48 | Research | Scale Mail Armor |
| 35:49 | Research | Forging |
| 35:56 | Create | Villager (Male) |
| 35:56 | Create | Villager (Male) |
| 36:09 | Build | Town Center |
| 37:53 | Research | Hand Cart |
Build order — Svea
First 150 of 236 actions detected
| 0:01 | Create | Villager (Male) ×4 |
| 0:03 | Build | House |
| 0:10 | Build | House |
| 1:37 | Create | Villager (Male) |
| 2:05 | Create | Villager (Male) |
| 2:26 | Create | Villager (Male) |
| 2:33 | Build | Lumber Camp |
| 3:01 | Create | Villager (Male) |
| 3:01 | Create | Villager (Male) |
| 3:26 | Create | Villager (Male) |
| 3:55 | Create | Villager (Male) |
| 3:59 | Build | House |
| 4:13 | Create | Villager (Male) |
| 4:57 | Create | Villager (Male) |
| 4:57 | Create | Villager (Male) |
| 5:04 | Build | Mill |
| 5:55 | Create | Villager (Male) |
| 6:00 | Create | Villager (Male) |
| 7:35 | Research | Feudal Age |
| 7:47 | Create | Villager (Male) |
| 7:53 | Build | House |
| 8:47 | Create | Villager (Male) |
| 8:47 | Create | Villager (Male) |
| 8:48 | Create | Villager (Male) |
| 8:48 | Create | Villager (Male) |
| 8:48 | Create | Villager (Male) |
| 9:29 | Build | Barracks |
| 9:45 | Age | Feudal Age |
| 9:59 | Build | Farm |
| 10:03 | Build | Farm |
| 10:08 | Build | Farm |
| 10:12 | Build | Farm |
| 10:17 | Build | Farm |
| 10:28 | Build | House |
| 11:11 | Research | Double-Bit Axe |
| 11:16 | Research | Horse Collar |
| 11:36 | Create | Villager (Male) |
| 11:37 | Create | Villager (Male) |
| 11:46 | Build | House |
| 12:00 | Build | Mining Camp |
| 12:46 | Create | Villager (Male) |
| 13:04 | Build | Farm |
| 13:21 | Build | Blacksmith |
| 13:39 | Create | Villager (Male) |
| 14:03 | Build | Archery Range |
| 14:23 | Build | Farm |
| 14:32 | Build | Farm |
| 14:50 | Research | Castle Age |
| 15:04 | Build | Farm |
| 15:19 | Build | Farm |
| 15:25 | Build | Farm |
| 15:31 | Build | Farm |
| 16:21 | Build | Farm |
| 16:31 | Build | Farm |
| 16:55 | Create | Villager (Male) |
| 16:55 | Create | Villager (Male) |
| 16:55 | Create | Villager (Male) |
| 16:55 | Create | Villager (Male) |
| 16:56 | Create | Villager (Male) |
| 17:17 | Build | House |
| 17:30 | Age | Castle Age |
| 17:41 | Research | Heavy Plow |
| 17:43 | Research | Bow Saw |
| 17:52 | Create | Villager (Male) |
| 18:29 | Research | Gold Mining |
| 18:37 | Create | Villager (Male) |
| 19:33 | Build | Castle |
| 19:46 | Build | Mining Camp |
| 20:07 | Create | Villager (Male) |
| 20:07 | Create | Villager (Male) |
| 20:09 | Create | Villager (Male) |
| 20:13 | Build | House |
| 20:31 | Create | Villager (Male) |
| 20:55 | Create | Villager (Male) |
| 20:56 | Create | Villager (Male) |
| 21:37 | Build | Town Center |
| 21:48 | Create | Villager (Male) |
| 22:02 | Research | Stone Mining |
| 22:02 | Research | Gold Shaft Mining |
| 22:05 | Create | Villager (Male) |
| 22:13 | Build | Farm |
| 22:15 | Build | House |
| 22:29 | Build | Farm |
| 22:36 | Build | Farm |
| 22:39 | Create | Villager (Male) |
| 22:40 | Create | Villager (Male) |
| 22:40 | Create | Villager (Male) |
| 22:41 | Create | Villager (Male) |
| 22:41 | Create | Villager (Male) |
| 22:41 | Create | Villager (Male) |
| 22:41 | Create | Villager (Male) |
| 22:41 | Create | Villager (Male) |
| 22:43 | Create | Villager (Male) |
| 23:02 | Build | Market |
| 23:44 | Create | Villager (Male) |
| 23:44 | Create | Villager (Male) |
| 23:45 | Create | Villager (Male) |
| 23:45 | Create | Villager (Male) |
| 23:55 | Build | Town Center |
| 24:11 | Build | Farm |
| 24:17 | Build | Farm |
| 24:30 | Create | Villager (Male) |
| 24:30 | Create | Villager (Male) |
| 24:41 | Build | House |
| 24:43 | Build | Farm |
| 25:02 | Build | House |
| 25:06 | Create | Villager (Male) |
| 25:06 | Create | Villager (Male) |
| 25:06 | Create | Villager (Male) |
| 25:07 | Create | Villager (Male) |
| 25:07 | Create | Villager (Male) |
| 25:07 | Create | Villager (Male) |
| 25:07 | Create | Villager (Male) |
| 25:08 | Create | Villager (Male) |
| 25:19 | Build | Farm |
| 25:31 | Build | Stable |
| 25:36 | Research | Elite Skirmisher (upgrade) |
| 25:38 | Research | Forging |
| 25:41 | Research | Fletching |
| 25:47 | Build | Farm |
| 25:55 | Build | Farm |
| 26:03 | Build | Farm |
| 26:31 | Create | Villager (Male) |
| 26:31 | Create | Villager (Male) |
| 26:32 | Create | Villager (Male) |
| 26:32 | Create | Villager (Male) |
| 26:51 | Create | Villager (Male) |
| 26:51 | Create | Villager (Male) |
| 26:51 | Create | Villager (Male) |
| 26:51 | Create | Villager (Male) |
| 26:52 | Create | Villager (Male) |
| 26:54 | Create | Villager (Male) |
| 27:02 | Research | Scale Mail Armor |
| 27:03 | Research | Padded Archer Armor |
| 27:03 | Research | Scale Barding Armor |
| 27:15 | Build | Mill |
| 27:21 | Build | Farm |
| 27:21 | Build | Farm |
| 27:22 | Build | Farm |
| 27:23 | Build | Farm |
| 27:36 | Create | Villager (Male) |
| 27:48 | Build | Siege Workshop |
| 28:17 | Build | Farm |
| 28:20 | Build | Farm |
| 28:25 | Build | Farm |
| 28:34 | Build | Farm |
| 28:35 | Build | Farm |
| 28:42 | Research | Imperial Age |
| 28:46 | Create | Villager (Male) |
| 28:46 | Create | Villager (Male) |
Build order — EoLo
First 150 of 266 actions detected
| 0:01 | Create | Villager (Male) |
| 0:01 | Create | Villager (Male) |
| 0:02 | Build | House |
| 0:04 | Build | House |
| 0:05 | Create | Villager (Male) |
| 0:06 | Create | Villager (Male) |
| 0:06 | Create | Villager (Male) |
| 1:38 | Create | Villager (Male) |
| 1:46 | Build | Lumber Camp |
| 1:56 | Create | Villager (Male) |
| 2:24 | Create | Villager (Male) |
| 2:24 | Create | Villager (Male) |
| 2:55 | Create | Villager (Male) |
| 2:55 | Create | Villager (Male) |
| 3:09 | Create | Villager (Male) |
| 3:31 | Build | House |
| 3:32 | Build | House |
| 3:47 | Create | Villager (Male) |
| 3:48 | Create | Villager (Male) |
| 4:22 | Build | Mill |
| 4:26 | Create | Villager (Male) |
| 4:27 | Create | Villager (Male) |
| 4:46 | Create | Villager (Male) |
| 4:46 | Create | Villager (Male) |
| 5:45 | Create | Villager (Male) |
| 5:45 | Create | Villager (Male) |
| 5:46 | Create | Villager (Male) |
| 6:21 | Create | Villager (Male) |
| 6:21 | Create | Villager (Male) |
| 6:22 | Create | Villager (Male) |
| 8:04 | Research | Feudal Age |
| 8:20 | Build | Lumber Camp |
| 9:50 | Build | Farm |
| 9:56 | Build | Mining Camp |
| 10:00 | Create | Villager (Male) |
| 10:00 | Create | Villager (Male) |
| 10:09 | Build | House |
| 10:25 | Age | Feudal Age |
| 10:28 | Research | Double-Bit Axe |
| 10:32 | Research | Horse Collar |
| 10:50 | Research | Bow Saw |
| 10:51 | Research | Heavy Plow |
| 10:55 | Create | Villager (Male) |
| 10:55 | Create | Villager (Male) |
| 10:55 | Create | Villager (Male) |
| 10:56 | Create | Villager (Male) |
| 10:56 | Create | Villager (Male) |
| 10:56 | Create | Villager (Male) |
| 11:03 | Build | House |
| 11:05 | Build | House |
| 11:06 | Build | House |
| 11:08 | Build | House |
| 11:34 | Research | Gold Mining |
| 11:47 | Build | Farm |
| 11:50 | Build | Farm |
| 12:10 | Build | Farm |
| 12:42 | Build | Blacksmith |
| 13:06 | Build | Market |
| 13:12 | Create | Villager (Male) |
| 13:13 | Create | Villager (Male) |
| 13:19 | Build | Farm |
| 13:31 | Build | Farm |
| 13:50 | Build | Farm |
| 13:55 | Create | Villager (Male) |
| 14:14 | Build | Farm |
| 14:26 | Research | Loom |
| 14:54 | Create | Villager (Male) |
| 15:07 | Build | Farm |
| 15:08 | Build | Farm |
| 15:09 | Build | Farm |
| 15:09 | Build | Farm |
| 15:19 | Research | Castle Age |
| 15:51 | Build | Farm |
| 15:52 | Build | Farm |
| 15:53 | Build | Farm |
| 15:55 | Build | Farm |
| 15:57 | Build | Farm |
| 16:11 | Build | Barracks |
| 16:21 | Research | Stone Mining |
| 17:03 | Create | Villager (Male) |
| 17:03 | Create | Villager (Male) |
| 17:26 | Build | Stable |
| 17:35 | Research | Scale Barding Armor |
| 17:35 | Research | Forging |
| 17:41 | Research | Gold Shaft Mining |
| 18:00 | Age | Castle Age |
| 18:13 | Build | Town Center |
| 18:26 | Build | House |
| 18:28 | Build | House |
| 18:45 | Build | Town Center |
| 18:51 | Create | Villager (Male) |
| 18:53 | Create | Villager (Male) |
| 18:55 | Research | Wheelbarrow |
| 19:01 | Research | Iron Casting |
| 19:36 | Build | Monastery |
| 19:40 | Create | Villager (Male) |
| 19:46 | Create | Villager (Male) |
| 19:47 | Create | Villager (Male) |
| 20:15 | Create | Villager (Male) ×5 |
| 20:32 | Create | Villager (Male) |
| 20:33 | Create | Villager (Male) |
| 20:35 | Create | Monk |
| 20:42 | Build | University |
| 21:00 | Create | Knight |
| 21:01 | Create | Knight |
| 21:40 | Create | Knight |
| 21:44 | Create | Villager (Male) ×5 |
| 21:48 | Build | House |
| 21:49 | Build | House |
| 22:31 | Create | Villager (Male) ×5 |
| 22:57 | Create | Villager (Male) ×5 |
| 22:59 | Build | House |
| 23:01 | Build | House |
| 23:12 | Build | Siege Workshop |
| 23:33 | Create | Villager (Male) ×4 |
| 24:01 | Build | House |
| 24:02 | Build | House |
| 24:05 | Research | Chain Barding Armor |
| 24:23 | Create | Knight |
| 24:23 | Create | Knight |
| 25:23 | Create | Knight |
| 25:23 | Create | Knight |
| 25:25 | Research | Cavalier (upgrade) |
| 25:28 | Research | Husbandry |
| 25:30 | Create | Villager (Male) ×2 |
| 25:39 | Create | Mangonel |
| 25:58 | Create | Villager (Male) ×3 |
| 26:03 | Build | Stable |
| 26:04 | Build | Stable |
| 26:20 | Build | House |
| 27:14 | Create | Knight |
| 27:14 | Create | Knight |
| 27:15 | Create | Villager (Male) ×5 |
| 27:43 | Create | Knight |
| 27:43 | Create | Knight |
| 28:10 | Create | Knight |
| 28:10 | Create | Knight |
| 28:12 | Create | Villager (Male) ×5 |
| 28:17 | Build | Stable |
| 28:43 | Create | Knight |
| 28:44 | Create | Knight |
| 28:44 | Create | Knight |
| 28:45 | Create | Knight |
| 28:47 | Create | Villager (Male) |
| 28:54 | Build | Mill |
| 28:55 | Build | Farm |
| 28:55 | Build | Farm |
| 28:56 | Build | Farm |
| 28:56 | Build | Farm |
| 28:56 | Build | Farm |
Build order — TehLegend
First 150 of 279 actions detected
| 0:03 | Build | House |
| 0:04 | Create | Villager (Male) |
| 0:09 | Build | House |
| 0:26 | Create | Villager (Male) |
| 0:47 | Create | Villager (Male) |
| 0:55 | Create | Villager (Male) |
| 1:34 | Create | Villager (Male) |
| 1:53 | Create | Villager (Male) |
| 2:28 | Create | Villager (Male) |
| 2:44 | Create | Villager (Male) |
| 2:45 | Create | Villager (Male) |
| 3:06 | Build | Mill |
| 3:36 | Create | Villager (Male) |
| 3:36 | Create | Villager (Male) |
| 4:00 | Create | Villager (Male) |
| 4:17 | Build | House |
| 4:30 | Build | House |
| 4:45 | Build | House |
| 4:56 | Create | Villager (Male) |
| 5:39 | Create | Villager (Male) |
| 5:42 | Create | Villager (Male) |
| 6:20 | Create | Villager (Male) |
| 6:51 | Create | Villager (Male) |
| 7:55 | Build | Lumber Camp |
| 8:05 | Create | Villager (Male) |
| 8:33 | Research | Feudal Age |
| 8:35 | Create | Villager (Male) |
| 8:35 | Create | Villager (Male) |
| 8:35 | Create | Villager (Male) |
| 9:36 | Create | Villager (Male) |
| 9:37 | Create | Villager (Male) |
| 10:13 | Build | House |
| 10:18 | Build | House |
| 10:21 | Build | House |
| 10:29 | Create | Villager (Male) |
| 10:43 | Age | Feudal Age |
| 10:48 | Research | Horse Collar |
| 10:52 | Build | Farm |
| 10:53 | Build | Farm |
| 10:54 | Build | Farm |
| 10:57 | Build | Farm |
| 11:13 | Create | Villager (Male) |
| 11:25 | Research | Double-Bit Axe |
| 12:16 | Build | Lumber Camp |
| 12:42 | Create | Villager (Male) |
| 12:42 | Create | Villager (Male) |
| 12:43 | Create | Villager (Male) |
| 12:55 | Build | Farm |
| 13:21 | Build | Farm |
| 13:44 | Build | Farm |
| 13:44 | Build | Farm |
| 13:45 | Build | Farm |
| 13:46 | Build | Farm |
| 13:48 | Build | Farm |
| 14:04 | Build | Mining Camp |
| 14:15 | Build | Market |
| 14:33 | Create | Villager (Male) |
| 14:35 | Create | Villager (Male) |
| 15:39 | Build | Blacksmith |
| 15:58 | Build | Mining Camp |
| 16:18 | Build | Farm |
| 16:22 | Build | Farm |
| 16:28 | Create | Villager (Male) |
| 16:31 | Create | Villager (Male) |
| 16:36 | Create | Villager (Male) |
| 17:01 | Build | Barracks |
| 17:56 | Research | Castle Age |
| 18:55 | Build | House |
| 18:59 | Build | House |
| 19:01 | Build | House |
| 19:02 | Build | House |
| 19:37 | Create | Villager (Male) |
| 19:37 | Create | Villager (Male) |
| 19:37 | Create | Villager (Male) |
| 19:37 | Create | Villager (Male) |
| 20:36 | Age | Castle Age |
| 20:40 | Build | Town Center |
| 21:15 | Create | Villager (Male) |
| 21:18 | Research | Wheelbarrow |
| 21:28 | Build | Siege Workshop |
| 21:47 | Research | Stone Mining |
| 21:50 | Research | Gold Mining |
| 22:02 | Create | Villager (Male) |
| 22:02 | Create | Villager (Male) |
| 22:03 | Create | Villager (Male) |
| 22:03 | Create | Villager (Male) |
| 22:03 | Create | Villager (Male) |
| 22:03 | Create | Villager (Male) |
| 22:17 | Build | Town Center |
| 22:22 | Create | Villager (Male) |
| 22:23 | Create | Villager (Male) |
| 22:23 | Create | Villager (Male) |
| 22:33 | Build | House |
| 22:35 | Build | House |
| 22:36 | Build | House |
| 22:38 | Build | House |
| 22:40 | Build | House |
| 22:41 | Build | House |
| 22:53 | Build | Stable |
| 22:56 | Create | Scorpion |
| 22:58 | Create | Scorpion |
| 23:03 | Create | Mangonel |
| 23:04 | Create | Mangonel |
| 23:20 | Build | Farm |
| 23:26 | Create | Villager (Male) |
| 23:26 | Create | Villager (Male) |
| 23:26 | Create | Villager (Male) |
| 23:26 | Create | Villager (Male) |
| 23:29 | Create | Villager (Male) |
| 23:29 | Create | Villager (Male) |
| 23:33 | Create | Villager (Male) |
| 23:33 | Create | Villager (Male) |
| 24:08 | Create | Camel Scout |
| 24:12 | Create | Camel Scout |
| 24:20 | Build | Farm |
| 24:21 | Build | Farm |
| 24:29 | Research | Heavy Plow |
| 24:47 | Build | Town Center |
| 25:02 | Create | Villager (Male) |
| 25:06 | Build | Farm |
| 25:06 | Build | Farm |
| 25:19 | Research | Bow Saw |
| 25:38 | Build | Farm |
| 25:56 | Create | Villager (Male) |
| 25:56 | Create | Villager (Male) |
| 25:56 | Create | Villager (Male) |
| 25:59 | Create | Villager (Male) |
| 26:09 | Build | Lumber Camp |
| 26:15 | Build | Farm |
| 26:28 | Build | Castle |
| 26:56 | Create | Scout Cavalry |
| 26:57 | Create | Scout Cavalry |
| 26:58 | Create | Scout Cavalry |
| 27:11 | Create | Scorpion |
| 27:12 | Create | Scorpion |
| 27:16 | Build | Farm |
| 27:20 | Create | Villager (Male) |
| 27:20 | Create | Villager (Male) |
| 27:21 | Create | Villager (Male) |
| 28:38 | Build | University |
| 28:48 | Research | Scale Barding Armor |
| 28:50 | Research | Scale Mail Armor |
| 28:51 | Research | Forging |
| 28:55 | Create | Villager (Male) |
| 28:57 | Create | Villager (Male) |
| 29:08 | Create | Cataphract |
| 29:09 | Create | Cataphract |
| 29:09 | Create | Cataphract |
| 29:28 | Build | Stable |
| 29:36 | Build | Farm |
Match timeline
| 9:29 | Svea · first_building Barracks |
| 9:45 | Svea · age_up feudal |
| 10:25 | EoLo · age_up feudal |
| 10:43 | TehLegend · age_up feudal |
| 10:59 | Ka4Z · age_up feudal |
| 11:25 | Grichnakk · age_up feudal |
| 12:44 | Cicinho · first_building Barracks |
| 12:58 | Brzuss57 · age_up feudal |
| 13:34 | Ka4Z · first_market_buy 100 food |
| 13:47 | Ka4Z · first_market_sell 100 wood |
| 14:03 | Svea · first_building Archery Range |
| 14:33 | Cicinho · age_up feudal |
| 15:02 | Grichnakk · age_up castle |
| 15:25 | Ka4Z · first_building Barracks |
| 16:06 | Your Doom · age_up feudal |
| 16:11 | EoLo · first_building Barracks |
| 16:34 | Ka4Z · first_building Archery Range |
| 16:39 | Ka4Z · age_up castle |
| 17:01 | TehLegend · first_building Barracks |
| 17:25 | Brzuss57 · age_up castle |
| 17:25 | Brzuss57 · first_building Barracks |
| 17:26 | EoLo · first_building Stable |
| 17:30 | Svea · age_up castle |
| 18:00 | EoLo · age_up castle |
| 18:12 | Brzuss57 · first_building Castle |
| 19:22 | Grichnakk · first_building Castle |
| 19:33 | Svea · first_building Castle |
| 19:36 | EoLo · first_building Monastery |
| 20:36 | TehLegend · age_up castle |
| 20:51 | Your Doom · age_up castle |
| 21:00 | Brzuss57 · first_building Archery Range |
| 21:08 | Your Doom · first_building Monastery |
| 21:28 | TehLegend · first_building Siege Workshop |
| 21:29 | Grichnakk · first_market_buy 100 food |
| 21:32 | Your Doom · first_building Castle |
| 22:14 | Ka4Z · first_building Siege Workshop |
| 22:33 | Brzuss57 · first_building Siege Workshop |
| 22:53 | TehLegend · first_building Stable |
| 23:12 | EoLo · first_building Siege Workshop |
| 25:31 | Svea · first_building Stable |
| 26:28 | TehLegend · first_building Castle |
| 27:30 | Your Doom · first_building Siege Workshop |
| 27:48 | Svea · first_building Siege Workshop |
| 28:52 | Your Doom · age_up imperial |
| 29:17 | Cicinho · age_up castle |
| 29:56 | Cicinho · first_building Castle |
| 31:52 | Svea · age_up imperial |
| 32:42 | Grichnakk · first_market_sell 100 food |
| 33:26 | Grichnakk · age_up imperial |
| 33:45 | Ka4Z · age_up imperial |
| 35:36 | Ka4Z · first_building Castle |
| 35:46 | EoLo · first_building Castle |
| 36:10 | Svea · resign |
| 36:27 | EoLo · age_up imperial |
| 36:35 | Grichnakk · first_building Siege Workshop |
| 36:39 | Your Doom · first_building Barracks |
| 37:06 | Brzuss57 · first_market_sell 100 food |
| 37:08 | Brzuss57 · first_market_buy 100 wood |
| 38:58 | Brzuss57 · age_up imperial |
| 43:57 | Brzuss57 · first_building Stable |
[ AI ANALYSIS · 1 CREDIT ]
What really happened in this match?
Wolo.gg analyzes every decision: build order, eco, micro, common mistakes by bracket. Personalized analysis on WhatsApp or Discord in 30 seconds.
Civ guide
Bohemians
Map guide
Arena
Perfil
Grichnakk